Map: 深海暗礁 - 天梯版

Players

iAsonu - Winner!

  • Race: Zerg Zerg
  • Spawn Location: 11:00

Stephano

  • Race: Zerg Zerg
  • Spawn Location: 5:00

Event: WCS Jonkoping 2017

VOD

Have the link to the VOD?

Description

Time

  • Played on: June 17, 2017, 2:01 p.m.
  • Length: 3:52

All games in this series

Show
View Real Time Build Order
Export as new Build Order

iAsonu Zerg - Winner!

Build Orders: Pool First 

Get SALT Encoding   

  12  0:18  Spawning Pool  
  11  0:22  Drone  
  12  0:29  Drone  
  12  0:30  Drone  
  12  0:33  Extractor  
  13  0:51  Overlord  
  13  1:04  Zergling x2  
  13  1:09  Zergling x4  
  13  1:10  Queen  
  18  1:16  Zergling x2  
  19  1:28  Zergling x2  
  20  1:35  Metabolic Boost  
  20  1:39  Zergling x2  
  21  1:48  Zergling x2  
  22  1:55  Baneling Nest  
  21  2:01  Overlord  
  21  2:10  Zergling x2  
  22  2:19  Zergling x2  
  22  2:30  Zergling x2  
  22  2:31  Zergling x4  
  25  2:41  Baneling x4  
  25  2:46  Zergling x2  
  26  2:55  Drone  
  27  3:00  Drone x2  
  29  3:10  Overlord  
  24  3:29  Drone  
  24  3:36  Drone  
  26  3:49  Hatchery  
Show
View Real Time Build Order
Export as new Build Order

Stephano Zerg 

Build Orders: Hatch First 

Get SALT Encoding   

  12  0:00  Drone  
  13  0:12  Overlord  
  13  0:17  Drone  
  14  0:31  Drone x2  
  16  0:50  Hatchery  
  16  0:51  Drone  
  16  0:55  Drone  
  17  1:05  Extractor  
  16  1:11  Spawning Pool  
  16  1:14  Drone  
  16  1:18  Drone  
  17  1:21  Drone  
  18  1:31  Drone  
  19  1:40  Overlord  
  19  1:58  Queen  
  19  1:59  Zergling x2  
  22  2:02  Spine Crawler  
  22  2:08  Zergling x2  
  24  2:13  Zergling x2  
  24  2:14  Zergling x2  
  26  2:19  Zergling x2  
  27  2:29  Metabolic Boost  
  25  2:34  Queen  
  27  2:39  Overlord  
  27  2:52  Zergling x6  
  30  3:02  Evolution Chamber  
  28  3:10  Baneling Nest  
  28  3:13  Queen  
  28  3:22  Drone  
  28  3:23  Drone  
Tags
 
Add a new tag
Caveats
  • Supply blocks, unpowered buildings, or Contaminate may cause inaccurate times.
  • Supply counts are checked every 10 seconds.